 Dungeon Crawl Stone Soup version 0.24-a0-205-g1d96822 (webtiles) character file.

Game seed: 9053932903791955589

2543 Lanoc the Zephyrmancer (level 9, -6/45 HPs)
             Began as a Tengu Air Elementalist on Mar 28, 2019.
             Was an Initiate of Ashenzari.
             Splashed by a jelly's acid (8 damage)
             ... while paralysed by Grinder
             ... on level 6 of the Dungeon.
             The game lasted 00:22:23 (8113 turns).

Lanoc the Zephyrmancer (Tengu Air Elementalist)     Turns: 8113, Time: 00:22:25

Health: -6/45      AC: -2    Str:  9    XL:     9   Next: 55%
Magic:  1/17       EV:  2    Int: 18    God:    Ashenzari [......]
Gold:   264        SH:  0    Dex: 15    Spells: 5/18 levels left

rFire    . . .     SeeInvis .   i - +4 dagger (speed) (curse)
rCold    . . .     Gourm    .   (no shield)
rNeg     + . .     Faith    .   a - +0 robe
rPois    .         Spirit   .   (helmet restricted)
rElec    .         Reflect  .   (no cloak)
rCorr    .         Harm     .   (no gloves)
MR       .....                  (boots unavailable)
Stlth    ++........             (no amulet)
HPRegen  0.15/turn              d - ring of positive energy
MPRegen  0.15/turn              (no ring)

@: paralysed, corroded, flying quickly and evasively, quick
A: beak, talons 3, able to fly
a: Stop Flying, Curse Item, Renounce Religion


You were on level 6 of the Dungeon.
You worshipped Ashenzari.
Ashenzari was noncommittal.
You were hungry.

You visited 2 branches of the dungeon, and saw 7 of its levels.

You collected 264 gold pieces.

Inventory:

Hand Weapons
 i - a cursed +4 dagger of speed (weapon)
Armour
 a - a +0 robe (worn)
Jewellery
 d - a ring of positive energy (left hand)
Wands
 f - a wand of flame (17)
 q - a wand of iceblast (6)
Scrolls
 b - 4 scrolls of teleportation {unknown}
 h - a scroll of blinking {unknown}
 n - 3 scrolls of fear {unknown}
 o - a scroll of magic mapping {unknown}
 p - a scroll of amnesia
 s - a scroll of immolation {unknown}
Potions
 g - a potion of curing
 k - 2 potions of heal wounds
 l - a potion of lignification
 m - a potion of agility
 t - a potion of might {unknown}
 v - a potion of ambrosia {unknown}
Comestibles
 c - 10 rations
 u - 4 chunks of flesh


   Skills:
 + Level 6.0 Dodging
 - Level 2.0 Stealth
 - Level 5.0 Spellcasting
 * Level 9.6 Conjurations
 * Level 10.3 Air Magic


You had 5 spell levels left.
You knew the following spells:

 Your Spells              Type           Power        Failure   Level  Hunger
a - Shock                 Conj/Air       ####         1%          1    None
b - Static Discharge      Conj/Air       #####...     1%          3    ##.....
c - Airstrike             Air            #####.....   1%          4    ####...
d - Lightning Bolt        Conj/Air       #####.....   6%          5    ######.

Your spell library contained the following spells:

 Spells                   Type           Power        Failure   Level  Hunger
 Swiftness                Chrm/Air       ###.....     2%          2    #......


Dungeon Overview and Level Annotations

Branches:
Dungeon (6/15)             Temple (1/1) D:5

Altars:
Ashenzari
Cheibriados
Elyvilon
Fedhas
Gozag
Hepliaklqana
Kikubaaqudgha
Makhleb
Okawaru
Qazlal
Ru
Sif Muna
Trog
Uskayaw
Vehumet
Wu Jian
Yredelemnul
Zin
The Shining One

Annotations:
D:6 1 runed translucent door, 2 transporters, Crazy Yiuf, Grinder


Innate Abilities, Weirdness & Mutations

You have a beak for a mouth.
You have claws for feet.
You can fly continuously.


Message History

You suddenly lose the ability to move!
The shadow imp lashes its tail.
Grinder gestures at you. Pain shoots through your body!
Grinder gestures at you. Pain shoots through your body! The jelly hits you.
You are splashed with acid!
* * * LOW HITPOINT WARNING * * *
The shadow imp shouts, "Leave, thou peaked fob-snatching maggot-pie!"
Grinder says, "There's only one good use for a tongue: cutting it out."
Grinder hits you.
* * * LOW HITPOINT WARNING * * *
The jelly hits you but does no damage. Grinder hits you.
* * * LOW HITPOINT WARNING * * *
You writhe in agony.
* * * LOW HITPOINT WARNING * * *
The jelly hits you.
* * * LOW HITPOINT WARNING * * *
The acid corrodes you!
You are splashed with acid!
You die...

#......# #........ +...
#......# +........ #...
#.(....# #...##..# #+##
#...
#......#####...##..##...##+
####
#..........#....#...#......
#..........#....#..........
#.......(..#....#.......©..
#..........##'###'#.#######
#..............@J...#8P$©$P
#......####.....5...#P.!./.
........# #.......).####+##
........# #.........#o≈...≈
...... +.....###.#5≈...≈
... #.....#...#5≈≈P≈≈
#.....#...#K≈≈♣≈≈
#.....#...#.≈≈≈≈≈
#.....#...#.≈...≈o#


You could see a kobold demonologist, Grinder, a jelly, an orc priest and 2
shadow imps.

Vanquished Creatures
  Pikel (D:4)
  Eustachio (D:4)
  Menkaure (D:5)
  An ice beast (D:6)
  A necrophage (D:6)
  Duvessa (D:5)
  2 centaurs
  2 ogres
  A big kobold (D:3)
  2 bullfrogs (D:6)
  A gnoll sergeant (D:6)
  Dowan (D:4)
  A scorpion (D:4)
  A water moccasin skeleton (D:5)
  A howler monkey (D:4)
  3 crimson imps
  A bullfrog zombie (D:5)
  3 orc priests
  2 hounds
  A centaur skeleton (D:3)
  4 orc wizards
  Ijyb (D:4)
  2 iguanas
  A hound zombie (D:6)
  8 gnolls
  5 adders
  2 shadow imps
  An ooze (D:6)
  A worm (D:4)
  4 dart slugs
  A leopard gecko (D:2)
  23 orcs
  A ball python (D:2)
  10 bats
  4 giant cockroaches
  7 goblins
  10 hobgoblins
  A jackal (D:3)
  14 kobolds
  2 quokkas
  A ball python skeleton (D:5)
  3 frilled lizards (D:3)
  A leopard gecko zombie (D:5)
  12 rats
147 creatures vanquished.

Notes
Turn   | Place    | Note
-------+----------+-------------------------------------------
     0 | D:1      | Lanoc the Tengu Air Elementalist began the quest for the
                  | Orb.
     0 | D:1      | Reached XP level 1. HP: 10/10 MP: 4/4
   216 | D:1      | Reached XP level 2. HP: 15/15 MP: 4/6
   653 | D:1      | Reached XP level 3. HP: 17/19 MP: 0/7
   894 | D:1      | Learned a level 3 spell: Static Discharge
  1014 | D:2      | Reached XP level 4. HP: 20/24 MP: 1/8
  1114 | D:2      | Reached skill level 5 in Air Magic
  1229 | D:2      | Found a sacrificial altar of Ru.
  1511 | D:2      | Learned a level 4 spell: Airstrike
  1568 | D:2      | Gained mutation: You can fly continuously. [Tengu growth]
  1568 | D:2      | Reached XP level 5. HP: 28/28 MP: 4/9
  2366 | D:3      | Noticed a big kobold
  2414 | D:3      | Killed a big kobold
  2414 | D:3      | Reached skill level 6 in Air Magic
  2414 | D:3      | Reached XP level 6. HP: 32/32 MP: 4/11
  3421 | D:4      | Found a shattered altar of Ashenzari.
  3431 | D:4      | Reached skill level 5 in Conjurations
  3641 | D:4      | Reached XP level 7. HP: 23/36 MP: 0/13
  4351 | D:4      | Became a worshipper of Ashenzari the Shackled
  4375 | D:5      | Entered Level 5 of the Dungeon
  4375 | D:5      | Noticed Menkaure
  4434 | D:5      | Noticed Duvessa
  4434 | D:5      | Noticed Dowan
  4438 | D:5      | Killed Duvessa
  4438 | D:5      | Reached skill level 7 in Air Magic
  4579 | D:5      | Noticed Ijyb
  4656 | D:4      | Killed Ijyb
  4824 | D:4      | Killed Dowan
  4824 | D:4      | Reached XP level 8. HP: 37/41 MP: 5/15
  5098 | D:5      | Noticed Pikel
  5157 | D:5      | Noticed Eustachio
  5270 | D:4      | Killed Pikel
  5270 | D:4      | Reached skill level 5 in Spellcasting
  5270 | D:4      | Reached skill level 8 in Air Magic
  5388 | D:4      | Reached skill level 5 in Dodging
  5655 | D:4      | Learned a level 5 spell: Lightning Bolt
  5670 | D:4      | Killed Eustachio
  5670 | D:4      | Reached skill level 9 in Air Magic
  5782 | D:5      | Reached XP level 9. HP: 41/45 MP: 17/17
  6003 | D:5      | Found a staircase to the Ecumenical Temple.
  6026 | Temple   | Entered the Ecumenical Temple
  6376 | D:5      | Killed Menkaure
  6892 | D:6      | Found a runed translucent door.
  7435 | D:6      | Reached skill level 10 in Air Magic
  7746 | D:6      | Noticed Crazy Yiuf
  8036 | D:6      | Noticed a kobold demonologist
  8037 | D:6      | Found a transporter.
  8045 | D:6      | Found a transporter.
  8081 | D:6      | Noticed Grinder
  8108 | D:6      | Paralysed by Grinder for 5 turns
  8112 | D:6      | HP: 2/45 [Grinder (1)]
  8113 | D:6      | Splashed by a jelly's acid

Levels and vault maps discovered:
D:1:      mrwooster_arrival_arrow, layout_basic, minmay_quantized
D:2:      layout_loops_ring, lemuel_coloured_pillars_altar
D:3:      cheibrodos_thug_alley, layout_basic, wad_rectangle_vault
D:4:      layout_cave_pods, evilmike_ruin_ashenzari
D:5:      layout_rooms, temple_pool_b, first_ration, uniq_eustachio, uniq_ijyb,
          uniq_pikel, uniq_menkaure, uniq_duvessa
D:6:      gammafunk_wand_slinger, layout_gridville, kennysheep_little_box,
          uniq_crazy_yiuf_cottage, uniq_grinder
Temple:   minmay_crystal_spiral_temple

Skill      XL: |  1  2  3  4  5  6  7  8  9 |
---------------+----------------------------+-----
Conjurations   | 2 3 4 5 6 8 9 |  9.6
Air Magic      | 5 6 7 9 10 | 10.3
Dodging        | 3 4 5 6 |  6.0
Spellcasting   | 3 4 5 |  5.0
Stealth        | |  2.0

Action                   |  1- 3 |  4- 6 |  7- 9 || total
-------------------------+-------+-------+-------++-------
Melee: Unarmed           |    16 |       |       ||    16
       Kick              |     2 |     9 |    14 ||    25
       Peck              |     2 |     1 |    10 ||    13
       Dagger            |     1 |    45 |    76 ||   122
 Cast: Shock             |    44 |    94 |    38 ||   176
       Static Discharge  |       |     9 |    35 ||    44
       Airstrike         |       |       |     9 ||     9
       Lightning Bolt    |       |       |    17 ||    17
Invok: Curse Item        |       |       |     1 ||     1
 Abil: Fly               |       |     1 |       ||     1
  Use: Scroll            |       |     7 |     1 ||     8
       Potion            |       |       |     6 ||     6
 Stab: Sleeping          |       |     2 |     2 ||     4
  Eat: Chunk             |     1 |     8 |    13 ||    22
       Ration            |       |       |     3 ||     3
Armor: Robe              |     8 |     4 |     9 ||    21
Dodge: Dodged            |    24 |    35 |   115 ||   174

Table legend:
 A = Non-vault XP
 B = Vault XP
 C = Vault XP percentage of total XP
 D = Non-vault monster count
 E = Vault monster count
 F = Vault count percentage of total count
                 A         B        C        D         E       F
            +---------+---------+-------+---------+---------+-------
      Total |    2235 |    1398 |  38.5 |     118 |      29 |  19.7
            +---------+---------+-------+---------+---------+-------
        D:1 |      36 |      16 |  30.8 |      17 |       7 |  29.2
        D:2 |     115 |       0 |   0.0 |      22 |       0 |   0.0
        D:3 |     134 |     120 |  47.2 |      25 |      16 |  39.0
        D:4 |     583 |     960 |  62.2 |      19 |       4 |  17.4
        D:5 |     490 |     302 |  38.1 |      16 |       2 |  11.1
        D:6 |     877 |       0 |   0.0 |      19 |       0 |   0.0
            +---------+---------+-------+---------+---------+-------
